 Dungeon Crawl Stone Soup version 0.26.1-11-gd32895ea62 (webtiles) character file.

Game seed: 10774201299233834430

2272 Zeld the Cruncher (level 9, -11/54 HPs)
             Began as an Octopode Gladiator on May 19, 2021.
             Was a Follower of Wu Jian.
             Mangled by Duvessa
             ... wielding a +2 rapier of electrocution
              (15 damage)
             ... on level 7 of the Dungeon.
             The game lasted 00:10:20 (12565 turns).

Zeld the Cruncher (Octopode Gladiator)             Turns: 12565, Time: 00:10:22

Health: -11/54     AC:  1    Str: 13    XL:     9   Next: 38%
Magic:  9/9        EV: 14    Int: 11    God:    Wu Jian [*.....]
Gold:   157        SH:  0    Dex: 16    Spells: 8/8 levels left

rFire    . . .     SeeInvis .   a - +0 quarterstaff
rCold    . . .     Faith    .   (shield currently unavailable)
rNeg     . . .     Spirit   .   b - +0 hat
rPois    .         Reflect  .   (no amulet)
rElec    .         Harm     .   (no ring)
rCorr    .         Rampage  .   (no ring)
Will     .....                  (no ring)
Stlth    +.........             (no ring)
HPRegen  0.18/turn              (no ring)
MPRegen  0.11/turn              (no ring)
                                (no ring)
                                (no ring)

@: hasted, glowing, very quick
A: almost no armour, stealthy swim, amphibious, 8 rings, constrict 8, camouflage
1, gelatinous body 1
a: Renounce Religion


You were on level 7 of the Dungeon.
You worshipped Wu Jian.
Wu Jian was aware of your devotion.
You visited 2 branches of the dungeon, and saw 8 of its levels.
You also visited: Sewer.

You collected 349 gold pieces.
You spent 192 gold pieces at shops.

Inventory:

Hand Weapons
 a - a +0 quarterstaff (weapon)
Missiles
 c - 7 throwing nets (quivered)
Armour
 b - a +0 hat (worn)
Jewellery
 i - a +4 ring of protection {unknown}
 n - a cursed ring of attention {unknown}
 v - an uncursed amulet of reflection {unknown}
 y - an uncursed ring of stealth {unknown}
Wands
 s - a wand of polymorph (12)
Scrolls
 e - 2 scrolls of amnesia {unknown}
 h - 4 scrolls of remove curse {unknown}
 j - 3 scrolls of immolation {unknown}
 m - 3 scrolls of teleportation {unknown}
 q - 2 scrolls of blinking {unknown}
 r - 2 scrolls of identify {unknown}
 t - 2 scrolls of magic mapping {unknown}
 u - a scroll of noise {unknown}
 x - a scroll of fog {unknown}
Potions
 d - 2 potions of degeneration {unknown}
 f - a potion of mutation {unknown}
 g - a potion of brilliance {unknown}
 k - 4 potions of heal wounds {unknown}
 l - a potion of lignification {unknown}
 o - 6 potions of flight {unknown}
 p - 2 potions of attraction {unknown}
 w - a potion of haste
 z - a potion of might {unknown}


   Skills:
 - Level 2.0 Fighting
 * Level 11.1 Staves
 - Level 6.0 Throwing
 - Level 3.0 Dodging


You had 8 spell levels left.
You didn't know any spells.
Your spell library was empty.

Dungeon Overview and Level Annotations

Branches:
Dungeon (7/15)             Temple (1/1) D:4           Sewer (visited)

Altars:
Ashenzari
Cheibriados
Dithmenos
Elyvilon
Fedhas
Gozag
Hepliaklqana
Makhleb
Nemelex Xobeh
Qazlal
Ru
Sif Muna
Trog
Wu Jian
Xom
Yredelemnul
Zin
The Shining One

Shops:
D:4 }

Annotations:
D:7 Dowan, Duvessa


Innate Abilities, Weirdness & Mutations

You cannot wear most types of armour.
You are very stealthy in the water. (Stealth+)
You are amphibious.
You can wear up to eight rings at the same time.
You can use your tentacles to constrict eight enemies at once.
Your skin changes colour to match your surroundings (Stealth+).
Your rubbery body absorbs attacks. (AC +1, EV +1)


Message History

Dowan barely misses you.
Duvessa hits you with a +2 rapier of electrocution.
* * * LOW HITPOINT WARNING * * *
You hit Dowan but do no damage. You grab Dowan.
You squeeze Dowan, but do no damage.
Dowan is severely wounded.
You constrict Dowan.
Unknown command.
You release your grip on Dowan.
You spin and attack Dowan.
You closely miss Dowan. Your grab misses Dowan. You squeeze Dowan.
Dowan is almost dead.
Dowan hits you with a +0 dagger.
* * * LOW HITPOINT WARNING * * *
You spin and attack Dowan.
You closely miss Dowan. You grab Dowan.
Dowan is almost dead.
You constrict Dowan. Dowan closely misses you.
Duvessa hits you with a +2 rapier of electrocution!
* * * LOW HITPOINT WARNING * * *
You are electrocuted!
You die...

.......))##
.####..)..# ##...##
##.## #.# #.# ##'##
##)..## #. ##
##e@...## #..#.#
##Ze.....#
#....####.††......#
#.......'.......).+
#....####.........#
#.#.# ##.......## #
## ##.....##
##...## #+##


You could see Duvessa (fast), Dowan and an adder skeleton.

Vanquished Creatures
  Maggie (D:7)
  Sigmund (D:2)
  An ice beast (D:6)
  4 orc warriors
  A big kobold (Sewer)
  A bullfrog (D:6)
  A gnoll sergeant (D:6)
  A water moccasin zombie (D:5)
  7 wights
  3 howler monkeys
  2 jellies
  An orc priest (D:7)
  2 orc wizards (D:6)
  3 centaur skeletons
  An iguana (D:7)
  4 worker ants
  A hound zombie (D:5)
  9 adders
  14 gnolls
  A white imp (D:7)
  An ooze (D:1)
  3 worms
  A dart slug (D:3)
  6 leopard geckos
  17 orcs
  6 bats
  11 giant cockroaches
  8 hobgoblins
  12 jackals
  2 quokkas
  5 frilled lizards
  7 goblins
  A jackal skeleton (D:5)
  10 kobolds
  2 quokka skeletons
  14 rats
165 creatures vanquished.

Notes
Turn   | Place    | Note
-------+----------+-------------------------------------------
     0 | D:1      | Zeld the Octopode Gladiator began the quest for the Orb.
     0 | D:1      | Reached XP level 1. HP: 14/14 MP: 1/1
   366 | D:1      | Reached XP level 2. HP: 15/19 MP: 2/2
   681 | D:1      | Reached XP level 3. HP: 24/24 MP: 3/3
  1295 | D:2      | Found a white marble altar of Elyvilon.
  1475 | D:2      | Found an opulent altar of Gozag.
  1676 | D:2      | Reached XP level 4. HP: 29/29 MP: 4/4
  1693 | D:2      | Reached skill level 4 in Staves
  1962 | D:2      | Noticed Sigmund
  1973 | D:2      | Killed Sigmund
  1974 | D:2      | Reached skill level 5 in Staves
  1974 | D:2      | Reached XP level 5. HP: 13/34 MP: 5/5
  1974 | D:2      | Reached XP level 6. HP: 15/39 MP: 6/6
  2278 | D:3      | Found a bloodstained altar of Trog.
  3653 | D:4      | HP: 1/39 [gnoll/+0 flail (13)]
  4174 | D:3      | Reached skill level 5 in Throwing
  4549 | D:4      | Found Oqoe's Gadget Boutique.
  4563 | D:4      | Bought a wand of polymorph (7) for 108 gold pieces
  4656 | D:4      | Found a broken altar of Ashenzari.
  4956 | D:4      | Found a staircase to the Ecumenical Temple.
  5009 | Temple   | Entered the Ecumenical Temple
  5090 | Temple   | Became a worshipper of the Wu Jian Council
  5286 | D:4      | Bought a wand of polymorph (5) for 84 gold pieces
  5322 | D:5      | Entered Level 5 of the Dungeon
  5327 | D:5      | Reached XP level 7. HP: 45/45 MP: 7/7
  5441 | D:5      | Reached skill level 6 in Staves
  5581 | D:5      | Found a glowing silver altar of Zin.
  6489 | D:5      | Found a shadowy altar of Dithmenos.
  6640 | D:6      | Found a glowing drain.
  6657 | Sewer    | Entered a sewer
  6744 | Sewer    | Reached * piety under Wu Jian
  6864 | Sewer    | Found a white marble altar of Elyvilon.
  6935 | D:6      | Reached skill level 7 in Staves
  6935 | D:6      | Reached XP level 8. HP: 22/50 MP: 8/8
  8121 | D:6      | Noticed a boulder beetle
  8507 | D:6      | Reached skill level 8 in Staves
 10012 | D:5      | Reached skill level 9 in Staves
 10742 | D:6      | Found a shimmering blue altar of Sif Muna.
 10887 | D:7      | Noticed a two-headed ogre
 11370 | D:7      | Noticed Maggie
 11464 | D:7      | Killed Maggie
 11465 | D:7      | Reached skill level 10 in Staves
 11465 | D:7      | Reached XP level 9. HP: 54/54 MP: 9/9
 11612 | D:7      | Found a blossoming altar of Fedhas.
 12109 | D:7      | Reached skill level 11 in Staves
 12547 | D:7      | Noticed Duvessa
 12548 | D:7      | Noticed Dowan
 12565 | D:7      | Mangled by Duvessa

Illustrated notes

Levels and vault maps discovered:
D:1:      tarquinn_simple_flora_water_c, layout_basic, st_stairs_14,
          minmay_quantized
D:2:      layout_rooms, elyvilon_altar_3, nicolae_gozag_seed_capital,
          ebering_dispersal_statue_hall, hex_large, uniq_sigmund
D:3:      layout_basic, lightli_temple_of_fire, serial_co_window_serial,
          co_window_cross_1, co_window_corner_a, co_window_paths_a,
          co_window_paths_b, co_window_of_opportunity_a,
          co_window_of_opportunity_b, co_window_corner_b, co_window_cross_4,
          glass_columns_c, glass_columns_b, glass_columns_c, glass_columns_a
D:4:      layout_cave_pools, minmay_temple_entry_enclosed_plants, serial_shops,
          shop, cheibrodos_ashenzari_chains
D:5:      layout_rooms, grunt_dithmenos_smoke, zin_scriptorium
D:6:      layout_rooms, lemuel_blue_sif_altar, serial_rivers,
          chequers_serial_rivers_large_a, chequers_serial_rivers_micro_c,
          chequers_serial_rivers_micro_d, chequers_serial_rivers_micro_b,
          chequers_serial_rivers_micro_c, gup_sewer_entry_pipe
D:7:      layout_loops_corners, fedhas_ov_isle_minmay, uniq_menkaure,
          uniq_duvessa, uniq_maggie, uniq_harold
Temple:   minmay_temple_curvy_loop

Skill      XL: |  1  2  3  4  5  6  7  8  9 |
---------------+----------------------------+-----
Throwing       | 3 4 5 6 |  6.0
Staves         | 5 7 10 11 | 11.1
Fighting       | |  2.0
Dodging        | |  3.0

Action                   |  1- 3 |  4- 6 |  7- 9 || total
-------------------------+-------+-------+-------++-------
Melee: Quarterstaff      |    81 |    85 |   255 ||   421
       Constrict         |    19 |    25 |    59 ||   103
       Tentacles         |    13 |    21 |    79 ||   113
Invok: Lunge             |       |     1 |    21 ||    22
       Whirlwind         |       |       |     4 ||     4
  Use: Potion            |       |       |     6 ||     6
 Stab: Sleeping          |     6 |     3 |     6 ||    15
       Distracted        |       |       |     1 ||     1
Armor: Skin              |    11 |     1 |     7 ||    19
Dodge: Dodged            |    41 |    68 |   133 ||   242
